 Dungeon Crawl Stone Soup version 0.30-a0-141-g30f27751c5 (webtiles) character file.

Game seed: 16561027994868575657

141477 qw the Severer (level 17, 0/111 HPs)
             Began as a Gargoyle Fighter on Sept 25, 2022.
             Was a High Priest of Okawaru.
             Slain by a merfolk
             ... wielding a +0 spear
             ... led by a merfolk impaler
              (13 damage)
             ... on level 2 of the Shoals.
             The game lasted 00:13:20 (27142 turns).

qw the Severer (Gargoyle Fighter)                  Turns: 27142, Time: 00:13:20

Health: 0/111      AC: 42    Str: 29    XL:     17   Next: 33%
Magic:  24/24      EV: 15    Int: 15    God:    Okawaru [*****.]
Gold:   58         SH: 14    Dex: 12    Spells: 16/16 levels left

rFire   + + .      SeeInvis .    b - +3 broad axe (freeze)
rCold   + . .      Faith    .    s - +0 kite shield
rNeg    + . .      Spirit   .    i - +3 plate armour {rF+}
rPois   inf        Reflect  .    u - +3 hat of the Thistle {Str+4 Dex+4}
rElec   +          Harm     .    e - scarf {rC+ rF+}
rCorr   .          Rampage  .    c - +0 pair of gloves
Will    +....                    j - +2 pair of boots
Stlth   ..........               p - amulet of regeneration
HPRegen 1.08/turn                l - +4 ring of evasion
MPRegen 0.19/turn                v - +4 ring of slaying {mikee}

@: about to teleport, heroic, flying
A: sickness immunity, AC +12, big wings, negative energy resistance 1,
electricity resistance, torment resistance 1, petrification resistance, clever
1, mutation resistance 1
a: Renounce Religion, Heroism, Finesse, Duel


You were on level 2 of the Shoals.
You worshipped Okawaru.
Okawaru was extremely pleased with you.
You visited 5 branches of the dungeon, and saw 25 of its levels.
You visited the Abyss 1 time.

You collected 3168 gold pieces.
You spent 3110 gold pieces at shops.


Innate Abilities, Weirdness & Mutations

You are immune to sickness and miasma.
Your stone body is resilient. (AC +12)
You are immune to poison.
Your large and strong wings let you fly.
You resist negative energy. (rN+)
You are resistant to electric shocks. (rElec)
You are resistant to unholy torment.
You are immune to petrification.
Your mind is acute. (Int +4, Str/Dex -1)
You are somewhat resistant to further mutation.


   Skills:
 - Level 14.0(19.0) Fighting
 - Level 18.0(23.0) Axes
 + Level 7.2(12.2) Throwing
 - Level 12.2(17.2) Armour
 - Level 4.4(9.4) Dodging
 - Level 14.0(19.0) Shields
 - Level 10.0 Invocations


You had 16 spell levels left.
You didn't know any spells.
Your spell library was empty.

Inventory:

Hand Weapons
 a - a +0 morningstar
 b - a +3 broad axe of freezing (weapon)
Missiles
 k - 22 boomerangs (quivered)
 x - 2 silver javelins
 F - a javelin
Armour
 c - a +0 pair of gloves (worn)
 e - a scarf of resistance (worn)
 i - a +3 plate armour of fire resistance (worn)
 j - a +2 pair of boots (worn)
 q - a +0 cloak
 r - a scarf of repulsion
 s - a +0 kite shield (worn)
 u - the +3 hat of the Thistle (worn) {Str+4 Dex+4}
   (Okawaru gifted it to you on level 5 of the Lair of Beasts)

   Str:       It affects your strength (+4).
   Dex:       It affects your dexterity (+4).
 B - +1 ice dragon scales
Jewellery
 l - a +4 ring of evasion (left hand)
 p - an amulet of regeneration (around neck)
 t - a ring of protection from fire
 v - a +4 ring of slaying (right hand) {mikee}
 C - the amulet of the Open Hand {Faith Harm rCorr Int-2}
   (You bought it in a shop on level 2 of the Shoals)

   [amulet of faith]

   It allows you to gain divine favour quickly.
   Int:       It affects your intelligence (-2).
   rCorr:     It protects you from acid and corrosion.
   Harm:      It increases damage dealt and taken.
 D - a ring of fire
 E - a ring of ice
Wands
 m - a wand of digging (31)
Scrolls
 o - 11 scrolls of identify
 y - 2 scrolls of teleportation
Potions
 d - 5 potions of might
 f - 8 potions of lignification
 g - a potion of cancellation
 h - 4 potions of attraction
 n - 13 potions of curing
 w - 2 potions of mutation
 z - 2 potions of magic
 A - 4 potions of resistance

Dungeon Overview and Level Annotations

Branches:
Dungeon (15/15)            Temple (1/1) D:5            Lair (5/5) D:9
 Shoals (2/4) Lair:2       Spider (0/4) Lair:3        Slime (0/5) Lair:5
    Orc (2/2) D:10            Elf (0/3) Orc:2        Vaults (0/5) D:14
 Depths (0/4) D:15

Altars:
Ashenzari
Cheibriados
Dithmenos
Elyvilon
Fedhas
Gozag
Hepliaklqana
Kikubaaqudgha
Makhleb
Nemelex Xobeh
Okawaru
Qazlal
Ru
Sif Muna
Trog
Uskayaw
Vehumet
Wu Jian
Xom
Yredelemnul
Zin
The Shining One

Shops:
D:2 !   D:6 *   Orc:1 *   Orc:2 :=??   Shoals:2 =

Annotations:
D:9 3 runed translucent doors, qw's ghost, journeyman GrFi
D:10 1 runed translucent door, Arctirus's ghost, journeyman OpHW
D:15 1 runed translucent door, qw's ghost, journeyman GrFi
Lair:1 3 runed translucent doors, Purph's ghost, journeyman MiBe
Lair:5 1 runed translucent door
Shoals:1 2 transporters, Lyfunof's ghost, adept DrFE


Message History

The merfolk impaler is heavily wounded.
The merfolk hits you but does no damage.
The merfolk hits you from afar with a +0 spear!
The merfolk impaler barely misses you. You block the merfolk's attack.
You miss the merfolk impaler.
The merfolk impaler is heavily wounded.
You block the merfolk's attack.
The merfolk hits you but does no damage.
The merfolk impaler hits you with a +1 trident of venom!
The merfolk hits you from afar with a +0 spear!
You miss the merfolk impaler.
The merfolk impaler is heavily wounded.
The merfolk hits you from afar with a +0 halberd.
The merfolk impaler hits you with a +1 trident of venom.
The merfolk closely misses you. You block the merfolk's attack.
You slice the merfolk impaler!! You freeze the merfolk impaler!
The merfolk impaler is almost dead.
The merfolk impaler barely misses you. The merfolk misses you.
The merfolk closely misses you.
The merfolk hits you from afar with a +0 glaive!
You miss the merfolk impaler.
The merfolk impaler is almost dead.
The merfolk hits you from afar with a +0 trident.
You block the merfolk impaler's attack. The merfolk closely misses you.
The merfolk impaler hits you with a +1 trident of venom!
The merfolk hits you from afar with a +0 halberd.
27141 ||| READING 3 scrolls of teleportation.
As you read the scroll of teleportation, it crumbles to dust.
You feel strangely unstable.
The merfolk hits you but does no damage.
You block the merfolk's attack. You block the merfolk impaler's attack.
The merfolk hits you from afar with a +0 spear.
You block the merfolk's attack.
You miss the merfolk impaler.
The merfolk impaler is almost dead.
You block the merfolk impaler's attack.
The merfolk hits you but does no damage.
The merfolk hits you from afar with a +0 trident.
The merfolk hits you from afar with a +0 spear!
You die...

~~~....~~~~~~~~~~~~~~~~~~~~~~~
....~~~~~~~~~~~~~~~~~~PPP~~
~~~~~~~~~~~~~~~~~~P~~P~
~~~~~~~~~~##~~~~~P~~P~~
~~~~~~~~~~~##~~~PPPP~.~
~~~~~~~)~~~~~~~~~PP~.~
~~~~~(~~~~~~~~~~~~~~~~
~~~~~~~~~~~~~~~~~.~~~~
~~~~~~~~~@m~.~~~~.~~~~
~~~~~~~~~~~m..~~..~~~
~~~~~~~~~mmm~.~~~..~~
.~~~~~~~~~~~~~~~~~~~~
.^~~~~~~~~~~~~~~~~~~
.)~~~~~~~~~~~~~~~
~~~PP~~~~~~~~~~~
~P~~~~~~~~~~~~~


You could see a merfolk impaler and 4 merfolk.

Vanquished Creatures
  Rupert (D:12)
  Jorgrun (Orc:1)
  A sphinx (D:12)
  2 orc warlords
  An ironbound preserver (D:14)
  A fire dragon (D:15)
  An ettin (D:12)
  A merfolk javelineer (Shoals:1)
  A merfolk impaler (Shoals:2)
  Josephine (Orc:1)
  A yaktaur captain (D:12)
  Harold (Lair:1)
  3 ogre magi
  A merfolk avatar (Shoals:1)
  An alligator snapping turtle (Shoals:2)
  6 hydras
  13 two-headed ogres
  5 boulder beetles
  2 catoblepae
  A merfolk aquamancer (Shoals:1)
  An anaconda (shapeshifter) (D:12)
  13 centaur warriors
  A satyr (Shoals:1)
  6 orc high priests
  Sonja (D:12)
  5 sea snakes
  3 deep elf knights (D:13)
  Pikel (D:6)
  A wizard (D:15)
  2 lindwurms (Lair:5)
  A deep elf archer (D:13)
  4 harpies (Shoals:1)
  10 deep elf zephyrmancers (D:13)
  A necromancer (D:15)
  3 orc knights (Orc:2)
  10 deep elf pyromancers
  13 fauns
  4 orc sorcerers
  12 cyclopes
  A wolf spider (D:15)
  6 manticores
  7 ugly things
  A centaur zombie (D:15)
  10 elephants
  A black mamba (Lair:5)
  A naga mage (D:15)
  An eye of devastation (Lair:5)
  3 merfolk sirens
  3 gargoyles (D:12)
  2 centaur skeletons (D:15)
  5 unseen horrors
  17 cane toads
  A kobold demonologist (D:13)
  6 torpor snails
  10 komodo dragons
  3 rime drakes
  A freezing wraith (D:14)
  A meliai (D:14)
  3 tengu conjurers
  4 wind drakes (Shoals:1)
  2 burning bushes (Lair:4)
  8 hornets
  11 polar bears
  6 merfolk
  8 trolls
  11 blink frogs
  A slime creature (D:12)
  3 tyrant leeches (Lair:5)
  A hornet (shapeshifter) (D:15)
  4 raiju (Lair:5)
  A centaur simulacrum (D:15)
  11 dream sheep
  A snapping turtle (Shoals:2)
  A shadow (D:12)
  6 wraiths
  2 water elementals (Shoals:1)
  A vampire (D:10)
  4 basilisks
  33 yaks
  A fire elemental (Lair:2)
  4 wyverns
  19 vampire mosquitoes
  A redback simulacrum (D:13)
  10 wargs
  Duvessa (D:4)
  3 acid dragons
  13 hell hounds (Lair:5)
  14 water moccasins
  A floating eye (Lair:5)
  50 orc warriors
  A swamp drake (D:9)
  3 sky beasts
  A black bear (shapeshifter) (D:11)
  12 black bears
  40 wolves
  13 ogres
  15 centaurs
  A phantom (D:5)
  10 bullfrogs
  2 gnoll sergeants
  A scorpion (D:5)
  Dowan (D:4)
  18 killer bees
  An electric eel (Lair:1)
  A lava snake (Lair:2)
  7 howler monkeys
  6 hounds
  3 jellies
  34 orc priests
  3 gnoll boudas
  5 iguanas
  31 orc wizards
  2 human simulacra (D:13)
  17 gnolls
  9 adders
  A shadow imp (D:5)
  A worm (D:2)
  118 orcs
  5 endoplasms
  4 giant cockroaches
  10 goblins
  12 hobgoblins
  13 jackals
  4 quokkas
  6 ball pythons
  7 bats
  7 kobolds
  12 rats
  A bush (Lair:4)
894 creatures vanquished.

Vanquished Creatures (others)
  22 fungi
  72 plants
  19 toadstools (D:11)
113 creatures vanquished.

Grand Total: 1007 creatures vanquished

Notes
Turn   | Place    | Note
-------+----------+-------------------------------------------
     0 | D:1      | qw the Gargoyle Fighter began the quest for the Orb.
     0 | D:1      | Reached XP level 1. HP: 14/14 MP: 1/1
     0 | D:1      | 0 ||| qw: Version: 0.2-a-10-g399e6c4
     0 | D:1      | 0 ||| qw: Game counter: 177
     0 | D:1      | 0 ||| qw: Always use a shield: true
     0 | D:1      | 0 ||| qw: God list: Okawaru
     0 | D:1      | 0 ||| qw: Allow faded altars: false
     0 | D:1      | 0 ||| qw: Do Orc after D:15 true
     0 | D:1      | 0 ||| qw: Do second Lair branch before Depths: true
     0 | D:1      | 0 ||| qw: Lair rune preference: random
     0 | D:1      | 0 ||| qw: Plans: Normal, Zot:1-4, God:TSO, Crypt, Tomb,
                  | Pan, Slime:5, Hells, Abyss, Orb
     0 | D:1      | 0 ||| PLANNING D:1-11
     5 | D:1      | Reached skill level 2 in Axes
   122 | D:1      | Reached XP level 2. HP: 19/19 MP: 2/2
   166 | D:1      | 166 ||| Stepping ~*~*~tactically~*~*~ (stealth).
   177 | D:1      | 177 ||| Stepping ~*~*~tactically~*~*~ (stealth).
   307 | D:1      | Reached skill level 3 in Axes
   560 | D:1      | Reached XP level 3. HP: 23/23 MP: 3/3
   641 | D:1      | 641 ||| Stepping ~*~*~tactically~*~*~ (stealth).
   647 | D:1      | 647 ||| Stepping ~*~*~tactically~*~*~ (stealth).
   648 | D:1      | 648 ||| Stepping ~*~*~tactically~*~*~ (stealth).
   654 | D:1      | 654 ||| Stepping ~*~*~tactically~*~*~ (stealth).
  1008 | D:1      | Found a faded altar of an unknown god.
  1011 | D:1      | 1011 ||| READING scroll labelled PADDYALOIL.
  1012 | D:1      | 1012 ||| READING scroll labelled ICKU GUODODYA.
  1013 | D:1      | 1013 ||| READING scroll labelled VAOSEF WEILY.
  1014 | D:1      | 1014 ||| DRINKING 2 sedimented dark potions.
  1014 | D:1      | Gained mutation: Your body sometimes deteriorates upon
                  | taking damage. [potion of mutation]
  1014 | D:1      | Gained mutation: Your body often deteriorates upon taking
                  | damage. [potion of mutation]
  1014 | D:1      | Gained mutation: You have hidden genetic defects. [potion
                  | of mutation]
  1015 | D:1      | 1015 ||| DRINKING potion of mutation.
  1015 | D:1      | Lost mutation: You have hidden genetic defects. [potion of
                  | mutation]
  1015 | D:1      | Lost mutation: Your body often deteriorates upon taking
                  | damage. [potion of mutation]
  1015 | D:1      | Lost mutation: Your body sometimes deteriorates upon taking
                  | damage. [potion of mutation]
  1015 | D:1      | Gained mutation: Your flesh is heat resistant. (rF+)
                  | [potion of mutation]
  1015 | D:1      | Gained mutation: You have hidden genetic defects. [potion
                  | of mutation]
  1298 | D:2      | Found Raast's Distillery.
  1307 | D:2      | 1307 ||| BUYING potion of curing (30 gold).
  1307 | D:2      | Bought a potion of curing for 30 gold pieces
  1307 | D:2      | 1307 ||| SHOPLISTING potion of curing (30 gold, have 22).
  1307 | D:2      | 1307 ||| SHOPLISTING potion of heal wounds (50 gold, have
                  | 22).
  1307 | D:2      | 1307 ||| SHOPLISTING potion of mutation (80 gold, have 22).
  1328 | D:2      | Gained mutation: You do not regenerate when monsters are
                  | visible. [hidden defects]
  1420 | D:2      | 1420 ||| DROPPING +0 whip.
  1432 | D:2      | 1432 ||| Stepping ~*~*~tactically~*~*~ (stealth).
  1520 | D:2      | Gained mutation: Armour fits poorly on your strangely
                  | shaped body. [hidden defects]
  1520 | D:2      | Lost mutation: You have hidden genetic defects. [hidden
                  | defects expressed]
  1532 | D:2      | Reached XP level 4. HP: 25/28 MP: 4/4
  1807 | D:2      | 1807 ||| Stepping ~*~*~tactically~*~*~ (stealth).
  1810 | D:2      | 1810 ||| Stepping ~*~*~tactically~*~*~ (stealth).
  1848 | D:2      | 1848 ||| Stepping ~*~*~tactically~*~*~ (stealth).
  2004 | D:2      | 2004 ||| READING scroll labelled MAIGASOWNI.
  2005 | D:2      | 2005 ||| READING 2 scrolls labelled QUOSHAJUCK.
  2005 | D:2      | Identified 2 scrolls of acquirement
  2005 | D:2      | 2005 ||| ACQUIRING 826 gold pieces
  2005 | D:2      | Acquired 826 gold pieces
  2007 | D:2      | 2007 ||| READING scroll of acquirement.
  2007 | D:2      | 2007 ||| ACQUIRING scarf of resistance
  2007 | D:2      | Acquired a scarf of resistance
  2009 | D:2      | 2009 ||| UPGRADING to scarf of resistance.
  2014 | D:2      | 2014 ||| READING scroll labelled DIMYDU MUCVI.
  2015 | D:2      | 2015 ||| READING scroll labelled LOENYC SUEZ.
  2073 | D:3      | 2073 ||| Stepping ~*~*~tactically~*~*~ (stealth).
  2286 | D:3      | Reached skill level 1 in Throwing
  2388 | D:3      | 2388 ||| Stepping ~*~*~tactically~*~*~ (stealth).
  2394 | D:3      | Reached skill level 4 in Axes
  2402 | D:3      | 2402 ||| DRINKING 2 potions of curing.
  2402 | D:3      | 2402 ||| (to cure confusion)
  2406 | D:3      | 2406 ||| DRINKING potion of curing.
  2406 | D:3      | 2406 ||| (to cure confusion)
  2408 | D:3      | Reached XP level 5. HP: 28/32 MP: 5/5
  2501 | D:3      | 2501 ||| DROPPING +0 mace of protection.
  2503 | D:3      | 2503 ||| Stepping ~*~*~tactically~*~*~ (stealth).
  2868 | D:3      | 2868 ||| Stepping ~*~*~tactically~*~*~ (stealth).
  2873 | D:3      | 2873 ||| Stepping ~*~*~tactically~*~*~ (stealth).
  3282 | D:3      | 3282 ||| DRINKING 2 puce potions.
  3347 | D:4      | 3347 ||| STAIRDANCE
  3352 | D:3      | Reached skill level 5 in Axes
  3451 | D:4      | Found a shadowy altar of Dithmenos.
  3483 | D:4      | Noticed Duvessa
  3484 | D:4      | 3484 ||| Stepping ~*~*~tactically~*~*~ (stealth).
  3487 | D:4      | Noticed Dowan
  3493 | D:4      | Killed Duvessa
  3494 | D:4      | Reached XP level 6. HP: 34/39 MP: 6/6
  3509 | D:4      | Killed Dowan
  3510 | D:4      | Reached skill level 1 in Dodging
  3719 | D:4      | You fall into a shaft and drop 1 floor!
  3719 | D:5      | Entered Level 5 of the Dungeon
  4349 | D:4      | 4349 ||| READING 2 scrolls labelled DAXUYSAI WOORE.
  4350 | D:4      | 4350 ||| DROPPING scroll of magic mapping.
  4361 | D:5      | Found a blossoming altar of Fedhas.
  4387 | D:5      | Reached XP level 7. HP: 44/44 MP: 7/7
  4466 | D:5      | Identified the +5 mace "Leotor Pogipp" {venom, Will+}
  4468 | D:5      | 4468 ||| DROPPING +5 mace "Leotor Pogipp" {venom, Will+}.
  4477 | D:5      | Found a staircase to the Ecumenical Temple.
  4478 | D:5      | 4478 ||| PLANNING TEMPLE
  4478 | D:5      | 4478 ||| DRINKING 2 yellow potions.
  4479 | D:5      | 4479 ||| DROPPING potion of degeneration.
  4485 | D:5      | 4485 ||| Stepping ~*~*~tactically~*~*~ (stealth).
  4486 | D:5      | 4486 ||| Stepping ~*~*~tactically~*~*~ (stealth).
  4488 | D:5      | 4488 ||| FLEEEEING.
  4489 | D:5      | 4489 ||| FLEEEEING.
  4490 | D:5      | 4490 ||| Stepping ~*~*~tactically~*~*~ (stealth).
  4491 | D:5      | 4491 ||| FLEEEEING.
  4492 | D:5      | 4492 ||| FLEEEEING.
  4504 | D:5      | Reached skill level 6 in Axes
  4616 | Temple   | Entered the Ecumenical Temple
  4621 | Temple   | 4621 ||| PLANNING OKAWARU WORSHIP
  4632 | Temple   | Became a worshipper of Warmaster Okawaru
  4633 | Temple   | 4633 ||| PLANNING D:1-11
  5347 | D:5      | Found an ornate altar of the Wu Jian Council.
  5400 | D:5      | 5400 ||| READING 2 scrolls labelled TAMIYZO ENYASUAKH.
  5405 | D:5      | 5405 ||| READING scroll labelled YNGUBBEPIE.
  5413 | D:5      | 5413 ||| Stepping ~*~*~tactically~*~*~ (stealth).
  5415 | D:5      | 5415 ||| Stepping ~*~*~tactically~*~*~ (stealth).
  5494 | D:6      | 5494 ||| Stepping ~*~*~tactically~*~*~ (hiding).
  5512 | D:6      | HP: 11/44 [gnoll/+0 spear[a gnoll bouda] (5)]
  5513 | D:6      | 5513 ||| READING scroll of teleportation.
  5756 | D:6      | 5756 ||| Stepping ~*~*~tactically~*~*~ (stealth).
  5761 | D:6      | 5761 ||| Stepping ~*~*~tactically~*~*~ (stealth).
  5901 | D:6      | Reached skill level 7 in Axes
  5957 | D:6      | Found an opulent altar of Gozag.
  6048 | D:6      | Reached XP level 8. HP: 26/49 MP: 8/8
  6474 | D:6      | Found Pinluzok's CLEARANCE SALE!.
  6478 | D:6      | 6478 ||| BUYING 2 potions of might (24 gold).
  6478 | D:6      | Bought 2 potions of might for 24 gold pieces
  6478 | D:6      | 6478 ||| BUYING potion of attraction (9 gold).
  6478 | D:6      | Bought a potion of attraction for 9 gold pieces
  6503 | D:6      | 6503 ||| Stepping ~*~*~tactically~*~*~ (stealth).
  6505 | D:6      | 6505 ||| Stepping ~*~*~tactically~*~*~ (hiding).
  6523 | D:6      | Reached * piety under Okawaru
  6524 | D:6      | 6524 ||| INVOKING Heroism.
  6525 | D:6      | HP: 9/49 [gnoll/+0 whip[a gnoll bouda] (5)]
  6743 | D:6      | 6743 ||| FLEEEEING.
  6758 | D:6      | 6758 ||| Stepping ~*~*~tactically~*~*~ (stealth).
  6797 | D:6      | 6797 ||| Stepping ~*~*~tactically~*~*~ (stealth).
  6869 | D:6      | 6869 ||| Stepping ~*~*~tactically~*~*~ (stealth).
  6875 | D:6      | Reached skill level 8 in Axes
  6974 | D:6      | 6974 ||| Stepping ~*~*~tactically~*~*~ (stealth).
  6974 | D:6      | Found a burning altar of Makhleb.
  6974 | D:6      | Found a radiant altar of Vehumet.
  6975 | D:6      | 6975 ||| Stepping ~*~*~tactically~*~*~ (stealth).
  6976 | D:6      | Found a broken altar of Ashenzari.
  6976 | D:6      | Found a basalt altar of Yredelemnul.
  7082 | D:6      | Noticed Pikel
  7083 | D:6      | 7083 ||| INVOKING Heroism.
  7085 | D:6      | 7085 ||| Stepping ~*~*~tactically~*~*~ (stealth).
  7094 | D:6      | 7094 ||| INVOKING Heroism.
  7095 | D:6      | Killed Pikel
  7096 | D:6      | Reached XP level 9. HP: 57/59 MP: 5/9
  7308 | D:6      | 7308 ||| INVOKING Heroism.
  7418 | D:6      | 7418 ||| Stepping ~*~*~tactically~*~*~ (stealth).
  7419 | D:6      | 7419 ||| Stepping ~*~*~tactically~*~*~ (stealth).
  7420 | D:6      | 7420 ||| Stepping ~*~*~tactically~*~*~ (stealth).
  7430 | D:6      | Reached skill level 1 in Invocations
  7553 | D:6      | Found a sparkling altar of Nemelex Xobeh.
  7662 | D:6      | 7662 ||| UPGRADING to amulet of regeneration.
  7667 | D:6      | 7667 ||| DRINKING 2 bubbling sapphire potions.
  7668 | D:6      | 7668 ||| READING 3 scrolls of identify.
  7668 | D:6      | 7668 ||| IDENTIFYING viscous yellow potion
  7669 | D:6      | 7669 ||| READING 2 scrolls of identify.
  7669 | D:6      | 7669 ||| IDENTIFYING ruby potion
  7670 | D:6      | 7670 ||| DROPPING potion of ambrosia.
  7709 | D:7      | 7709 ||| INVOKING Heroism.
  7722 | D:7      | Reached ** piety under Okawaru
  7745 | D:7      | 7745 ||| INVOKING Heroism.
  7806 | D:7      | Found a white marble altar of Elyvilon.
  7829 | D:7      | Noticed a hornet
  7830 | D:7      | 7830 ||| Stepping ~*~*~tactically~*~*~ (stealth).
  7833 | D:7      | 7833 ||| Stepping ~*~*~tactically~*~*~ (stealth).
  7837 | D:7      | 7837 ||| INVOKING Heroism.
  7843 | D:7      | Killed a hornet
  7844 | D:7      | Reached skill level 3 in Invocations
  7936 | D:7      | 7936 ||| INVOKING Heroism.
  7954 | D:7      | Found a shimmering blue altar of Sif Muna.
  7961 | D:7      | Found a snail-covered altar of Cheibriados.
  7968 | D:7      | 7968 ||| FLEEEEING.
  7969 | D:7      | 7969 ||| FLEEEEING.
  7970 | D:7      | 7970 ||| FLEEEEING.
  7981 | D:7      | 7981 ||| Stepping ~*~*~tactically~*~*~ (hiding).
  7984 | D:7      | 7984 ||| INVOKING Heroism.
  8012 | D:7      | 8012 ||| UPGRADING to +0 chain mail.
  8020 | D:7      | Reached skill level 9 in Axes
  8023 | D:7      | 8023 ||| INVOKING Heroism.
  8031 | D:7      | 8031 ||| UPGRADING to +0 scale mail.
  8036 | D:7      | 8036 ||| UPGRADING to +0 chain mail.
  8046 | D:7      | 8046 ||| DROPPING +0 scale mail.
  8152 | D:7      | 8152 ||| INVOKING Heroism.
  8155 | D:7      | 8155 ||| Stepping ~*~*~tactically~*~*~ (hiding).
  8156 | D:7      | 8156 ||| Stepping ~*~*~tactically~*~*~ (hiding).
  8159 | D:7      | 8159 ||| Stepping ~*~*~tactically~*~*~ (hiding).
  8179 | D:7      | 8179 ||| INVOKING Heroism.
  8445 | D:7      | 8445 ||| UPGRADING to +0 kite shield.
  8455 | D:7      | 8455 ||| DROPPING +0 buckler.
  8674 | D:7      | 8674 ||| READING scroll labelled NUUMOBR SONECU.
  8675 | D:7      | 8675 ||| READING scroll labelled XARGHA TYMASIUSK.
  8676 | D:7      | 8676 ||| READING scroll labelled REUKKENAIFF.
  8677 | D:7      | 8677 ||| READING 2 scrolls of identify.
  8677 | D:7      | 8677 ||| IDENTIFYING green potion
  8678 | D:7      | 8678 ||| DROPPING potion of flight.
  8785 | D:8      | 8785 ||| Stepping ~*~*~tactically~*~*~ (hiding).
  8787 | D:8      | 8787 ||| INVOKING Heroism.
  8818 | D:8      | 8818 ||| Stepping ~*~*~tactically~*~*~ (stealth).
  8819 | D:8      | 8819 ||| INVOKING Heroism.
  8890 | D:8      | Reached skill level 6 in Shields
  8890 | D:8      | Reached XP level 10. HP: 59/64 MP: 13/13
  8909 | D:8      | Found an ancient bone altar of Kikubaaqudgha.
  8950 | D:8      | 8950 ||| Stepping ~*~*~tactically~*~*~ (hiding).
  8953 | D:8      | 8953 ||| Stepping ~*~*~tactically~*~*~ (hiding).
  8963 | D:8      | 8963 ||| FLEEEEING.
  8964 | D:8      | 8964 ||| FLEEEEING.
  8965 | D:8      | 8965 ||| FLEEEEING.
  8966 | D:8      | 8966 ||| FLEEEEING.
  8969 | D:8      | 8969 ||| FLEEEEING.
  8970 | D:8      | 8970 ||| FLEEEEING.
  8971 | D:8      | 8971 ||| FLEEEEING.
  8972 | D:8      | 8972 ||| FLEEEEING.
  8973 | D:8      | 8973 ||| STAIRDANCE
  8988 | D:7      | 8988 ||| UPGRADING to +0 helmet.
  8993 | D:7      | 8993 ||| UPGRADING to +1 pair of boots.
  8998 | D:7      | 8998 ||| READING 3 scrolls of enchant armour.
  8998 | D:7      | 8998 ||| ENCHANTING +0 helmet.
  8999 | D:7      | 8999 ||| READING 2 scrolls of enchant armour.
  8999 | D:7      | 8999 ||| ENCHANTING +1 helmet.
  9000 | D:7      | 9000 ||| READING scroll of enchant armour.
  9000 | D:7      | 9000 ||| ENCHANTING +1 pair of boots.
  9001 | D:7      | 9001 ||| READING scroll labelled YWASTR OLULUUSS.
  9013 | D:8      | 9013 ||| STAIRDANCE
  9022 | D:7      | Reached *** piety under Okawaru
  9116 | D:8      | Found a sacrificial altar of Ru.
  9382 | D:8      | Found a hazy altar of Hepliaklqana.
  9636 | D:8      | 9636 ||| READING scroll labelled TOMERO QAKK.
  9683 | D:9      | 9683 ||| INVOKING Heroism.
  9700 | D:9      | 9700 ||| READING 3 scrolls of teleportation.
  9760 | D:9      | 9760 ||| Stepping ~*~*~tactically~*~*~ (hiding).
  9762 | D:9      | 9762 ||| Stepping ~*~*~tactically~*~*~ (hiding).
  9764 | D:9      | 9764 ||| INVOKING Heroism.
  9859 | D:9      | Found a runed translucent gate.
  9859 | D:9      | Found a runed translucent gate.
  9859 | D:9      | Found a runed translucent gate.
  9861 | D:9      | Noticed a spectral centaur warrior
  9863 | D:9      | Noticed qw's ghost (journeyman GrFi)
  9928 | D:9      | 9928 ||| READING 2 scrolls of teleportation.
  9934 | D:9      | 9934 ||| DRINKING potion of mutation.
  9934 | D:9      | Lost mutation: You do not regenerate when monsters are
                  | visible. [potion of mutation]
  9934 | D:9      | Lost mutation: Armour fits poorly on your strangely shaped
                  | body. [potion of mutation]
  9934 | D:9      | Lost mutation: Your flesh is heat resistant. (rF+) [potion
                  | of mutation]
  9934 | D:9      | Gained mutation: Your mind is acute. (Int +4, Str/Dex -1)
                  | [potion of mutation]
  9934 | D:9      | Gained mutation: You are somewhat resistant to further
                  | mutation. [potion of mutation]
  9973 | D:9      | 9973 ||| READING scroll of teleportation.
  9974 | D:9      | 9974 ||| FLEEEEING.
  9975 | D:9      | 9975 ||| FLEEEEING.
  9976 | D:9      | 9976 ||| FLEEEEING.
  9977 | D:9      | 9977 ||| FLEEEEING.
  9997 | D:9      | 9997 ||| INVOKING Heroism.
 10325 | D:9      | 10325 ||| INVOKING Heroism.
 10328 | D:9      | 10328 ||| DRINKING 6 potions of curing.
 10328 | D:9      | 10328 ||| (to cure confusion)
 10376 | D:9      | 10376 ||| INVOKING Heroism.
 10414 | D:9      | 10414 ||| Stepping ~*~*~tactically~*~*~ (hiding).
 10418 | D:9      | 10418 ||| INVOKING Heroism.
 10476 | D:9      | Found a staircase to the Lair.
 10495 | D:9      | Reached **** piety under Okawaru
 10496 | D:9      | Reached skill level 9 in Shields
 10646 | D:9      | 10646 ||| PLANNING LAIR
 10775 | Lair:1   | Entered Level 1 of the Lair of Beasts
 10776 | Lair:1   | 10776 ||| PLANNING GAUNTLET
 10777 | Lair:1   | 10777 ||| Stepping ~*~*~tactically~*~*~ (stealth).
 10784 | Lair:1   | 10784 ||| INVOKING Heroism.
 10801 | Lair:1   | 10801 ||| INVOKING Heroism.
 10822 | Lair:1   | 10822 ||| Stepping ~*~*~tactically~*~*~ (stealth).
 10823 | Lair:1   | 10823 ||| Stepping ~*~*~tactically~*~*~ (stealth).
 10832 | Lair:1   | 10832 ||| INVOKING Heroism.
 10844 | Lair:1   | 10844 ||| INVOKING Heroism.
 10916 | Lair:1   | 10916 ||| Stepping ~*~*~tactically~*~*~ (stealth).
 10917 | Lair:1   | 10917 ||| Stepping ~*~*~tactically~*~*~ (stealth).
 10921 | Lair:1   | 10921 ||| Stepping ~*~*~tactically~*~*~ (stealth).
 10925 | Lair:1   | 10925 ||| Stepping ~*~*~tactically~*~*~ (stealth).
 10928 | Lair:1   | 10928 ||| Stepping ~*~*~tactically~*~*~ (stealth).
 10932 | Lair:1   | 10932 ||| INVOKING Heroism.
 10965 | Lair:1   | 10965 ||| INVOKING Heroism.
 10973 | Lair:1   | Reached skill level 10 in Axes
 10973 | Lair:1   | Reached skill level 6 in Invocations
 10973 | Lair:1   | Reached XP level 11. HP: 55/68 MP: 13/15
 11010 | Lair:1   | 11010 ||| Stepping ~*~*~tactically~*~*~ (hiding).
 11035 | Lair:1   | 11035 ||| Stepping ~*~*~tactically~*~*~ (stealth).
 11038 | Lair:1   | 11038 ||| INVOKING Heroism.
 11042 | Lair:1   | Reached ***** piety under Okawaru
 11144 | Lair:1   | 11144 ||| INVOKING Heroism.
 11215 | Lair:1   | 11215 ||| RIP GAUNTLET
 11228 | Lair:1   | Noticed Harold
 11229 | Lair:1   | 11229 ||| PLANNING LAIR
 11229 | Lair:1   | 11229 ||| INVOKING Heroism.
 11246 | Lair:1   | Killed Harold
 11247 | Lair:1   | Reached skill level 6 in Armour
 11397 | Lair:1   | 11397 ||| INVOKING Heroism.
 11416 | Lair:1   | 11416 ||| INVOKING Heroism.
 11430 | Lair:1   | Found a runed translucent gate.
 11431 | Lair:1   | Found a runed translucent gate.
 11431 | Lair:1   | Found a runed translucent gate.
 11432 | Lair:1   | Noticed Purph's ghost (journeyman MiBe)
 11432 | Lair:1   | Noticed Purph's ghost (journeyman MiBe)
 11758 | Lair:1   | 11758 ||| DROPPING amulet of faith.
 11759 | Lair:1   | 11759 ||| READING scroll labelled RUYFIHEJER.
 11805 | Lair:2   | 11805 ||| INVOKING Heroism.
 11863 | Lair:2   | Found a staircase to the Shoals.
 11878 | Lair:2   | 11878 ||| INVOKING Heroism.
 11888 | Lair:2   | Received a gift from Okawaru
 11924 | Lair:2   | 11924 ||| INVOKING Heroism.
 11999 | Lair:2   | 11999 ||| INVOKING Heroism.
 12039 | Lair:2   | 12039 ||| Stepping ~*~*~tactically~*~*~ (stealth).
 12042 | Lair:2   | 12042 ||| INVOKING Heroism.
 12047 | Lair:2   | Reached skill level 11 in Axes
 12050 | Lair:2   | Reached skill level 9 in Invocations
 12126 | Lair:2   | 12126 ||| INVOKING Heroism.
 12158 | Lair:2   | 12158 ||| Stepping ~*~*~tactically~*~*~ (stealth).
 12343 | Lair:2   | 12343 ||| DROPPING +0 whip of electrocution.
 12362 | Lair:2   | 12362 ||| INVOKING Heroism.
 12377 | Lair:2   | Reached XP level 12. HP: 68/73 MP: 19/19
 12386 | Lair:2   | Received a gift from Okawaru
 12388 | Lair:2   | 12388 ||| SWAPPING to +1 broad axe of electrocution.
 12389 | Lair:2   | 12389 ||| DROPPING +1 war axe of electrocution.
 12401 | Lair:2   | 12401 ||| DROPPING ring of flight.
 12402 | Lair:2   | 12402 ||| Stepping randomly (stuck).
 12403 | Lair:2   | 12403 ||| Stepping randomly (stuck).
 12404 | Lair:2   | 12404 ||| Stepping randomly (stuck).
 12405 | Lair:2   | 12405 ||| Stepping randomly (stuck).
 12406 | Lair:2   | 12406 ||| Stepping randomly (stuck).
 12407 | Lair:2   | 12407 ||| Stepping randomly (stuck).
 12408 | Lair:2   | 12408 ||| Stepping randomly (stuck).
 12409 | Lair:2   | 12409 ||| Stepping randomly (stuck).
 12410 | Lair:2   | 12410 ||| Stepping randomly (stuck).
 12422 | Lair:2   | 12422 ||| INVOKING Heroism.
 12692 | Lair:3   | Found a hole to the Spider Nest.
 12694 | Lair:3   | 12694 ||| Stepping ~*~*~tactically~*~*~ (hiding).
 12696 | Lair:3   | 12696 ||| Stepping ~*~*~tactically~*~*~ (hiding).
 12803 | Lair:3   | Noticed a four-headed hydra
 12804 | Lair:3   | 12804 ||| INVOKING Heroism.
 12805 | Lair:3   | 12805 ||| INVOKING Finesse.
 12807 | Lair:3   | 12807 ||| SWAPPING to +0 flail.
 12814 | Lair:3   | Killed a four-headed hydra
 12815 | Lair:3   | 12815 ||| SWAPPING to +1 broad axe of electrocution.
 12831 | Lair:3   | 12831 ||| Stepping ~*~*~tactically~*~*~ (stealth).
 12832 | Lair:3   | 12832 ||| Stepping ~*~*~tactically~*~*~ (stealth).
 12843 | Lair:3   | Reached skill level 9 in Fighting
 12844 | Lair:3   | 12844 ||| Stepping ~*~*~tactically~*~*~ (stealth).
 12846 | Lair:3   | 12846 ||| Stepping ~*~*~tactically~*~*~ (stealth).
 12848 | Lair:3   | 12848 ||| Stepping ~*~*~tactically~*~*~ (stealth).
 12849 | Lair:3   | 12849 ||| Stepping ~*~*~tactically~*~*~ (stealth).
 12852 | Lair:3   | 12852 ||| INVOKING Heroism.
 12901 | Lair:3   | 12901 ||| DROPPING +1 war axe of freezing.
 12979 | Lair:3   | 12979 ||| Stepping ~*~*~tactically~*~*~ (stealth).
 12981 | Lair:3   | 12981 ||| Stepping ~*~*~tactically~*~*~ (stealth).
 13298 | Lair:3   | 13298 ||| INVOKING Heroism.
 13316 | Lair:3   | Reached skill level 12 in Axes
 13570 | Lair:3   | 13570 ||| UPGRADING to ring of protection from fire.
 13571 | Lair:3   | 13571 ||| UPGRADING to +6 ring of dexterity.
 13603 | Lair:4   | 13603 ||| STAIRDANCE
 13610 | Lair:4   | 13610 ||| INVOKING Heroism.
 13682 | Lair:4   | Identified the +0 robe of Pleasant Breezes {+Blink}
                  | (Okawaru gifted it to you on level 4 of the Lair of Beasts)
 13682 | Lair:4   | Received a gift from Okawaru
 13683 | Lair:4   | Reached skill level 3 in Dodging
 13723 | Lair:4   | 13723 ||| INVOKING Heroism.
 13739 | Lair:4   | Noticed a catoblepas
 13740 | Lair:4   | 13740 ||| INVOKING Finesse.
 13742 | Lair:4   | 13742 ||| Stepping ~*~*~tactically~*~*~ (hiding).
 13753 | Lair:4   | Killed a catoblepas
 13779 | Lair:4   | Identified the +1 leather armour of Entitlement {Str+4
                  | Int+3 Dex+7}
 13820 | Lair:4   | 13820 ||| INVOKING Heroism.
 13960 | Lair:4   | 13960 ||| INVOKING Heroism.
 14143 | Lair:4   | 14143 ||| READING scroll of brand weapon.
 14143 | Lair:4   | 14143 ||| BRANDING +1 broad axe of electrocution.
 14509 | Lair:4   | Reached XP level 13. HP: 82/82 MP: 20/20
 14537 | Lair:4   | 14537 ||| READING 4 scrolls of identify.
 14537 | Lair:4   | 14537 ||| IDENTIFYING bubbling brown potion
 14538 | Lair:4   | 14538 ||| DROPPING potion of brilliance.
 14561 | Lair:5   | Entered Level 5 of the Lair of Beasts
 14563 | Lair:5   | 14563 ||| INVOKING Heroism.
 14564 | Lair:5   | 14564 ||| INVOKING Finesse.
 14565 | Lair:5   | 14565 ||| STAIRDANCE
 14610 | Lair:5   | 14610 ||| STAIRDANCE
 14612 | Lair:4   | 14612 ||| INVOKING Heroism.
 14613 | Lair:4   | 14613 ||| SWAPPING to +0 flail.
 14614 | Lair:4   | 14614 ||| INVOKING Finesse.
 14615 | Lair:4   | 14615 ||| Stepping ~*~*~tactically~*~*~ (outnumbered).
 14616 | Lair:4   | 14616 ||| Stepping ~*~*~tactically~*~*~ (outnumbered).
 14629 | Lair:4   | 14629 ||| SWAPPING to +1 broad axe of freezing.
 14669 | Lair:5   | 14669 ||| STAIRDANCE
 14671 | Lair:4   | 14671 ||| INVOKING Heroism.
 14687 | Lair:5   | 14687 ||| STAIRDANCE
 14706 | Lair:5   | 14706 ||| SWAPPING to +0 flail.
 14707 | Lair:5   | 14707 ||| INVOKING Heroism.
 14708 | Lair:5   | 14708 ||| INVOKING Finesse.
 14719 | Lair:5   | 14719 ||| STAIRDANCE
 14721 | Lair:4   | 14721 ||| SWAPPING to +1 broad axe of freezing.
 14782 | Lair:5   | 14782 ||| Stepping ~*~*~tactically~*~*~ (stealth).
 14783 | Lair:5   | 14783 ||| Stepping ~*~*~tactically~*~*~ (stealth).
 14786 | Lair:5   | 14786 ||| INVOKING Heroism.
 14789 | Lair:5   | 14789 ||| INVOKING Finesse.
 14806 | Lair:5   | Reached skill level 13 in Axes
 14865 | Lair:5   | 14865 ||| INVOKING Heroism.
 14873 | Lair:5   | 14873 ||| INVOKING Finesse.
 14875 | Lair:5   | 14875 ||| Stepping ~*~*~tactically~*~*~ (hiding).
 14876 | Lair:5   | 14876 ||| Stepping ~*~*~tactically~*~*~ (hiding).
 14879 | Lair:5   | 14879 ||| SWAPPING to +0 flail.
 14887 | Lair:5   | 14887 ||| Stepping ~*~*~tactically~*~*~ (outnumbered).
 14888 | Lair:5   | 14888 ||| Stepping ~*~*~tactically~*~*~ (outnumbered).
 14891 | Lair:5   | 14891 ||| Stepping ~*~*~tactically~*~*~ (outnumbered).
 14892 | Lair:5   | 14892 ||| Stepping ~*~*~tactically~*~*~ (outnumbered).
 14893 | Lair:5   | 14893 ||| SWAPPING to +1 broad axe of freezing.
 14898 | Lair:5   | 14898 ||| SWAPPING to +0 flail.
 14903 | Lair:5   | 14903 ||| Stepping ~*~*~tactically~*~*~ (outnumbered).
 14904 | Lair:5   | 14904 ||| Stepping ~*~*~tactically~*~*~ (outnumbered).
 14906 | Lair:5   | 14906 ||| Stepping ~*~*~tactically~*~*~ (outnumbered).
 14917 | Lair:5   | 14917 ||| INVOKING Finesse.
 14921 | Lair:5   | 14921 ||| SWAPPING to +1 broad axe of freezing.
 14927 | Lair:5   | 14927 ||| INVOKING Heroism.
 14933 | Lair:5   | 14933 ||| SWAPPING to +0 flail.
 14942 | Lair:5   | HP: 19/82 [eight-headed hydra (6)]
 14943 | Lair:5   | 14943 ||| READING scroll of teleportation.
 14943 | Lair:5   | HP: 9/82 [elephant (4)]
 14944 | Lair:5   | 14944 ||| DRINKING 2 potions of heal wounds.
 14945 | Lair:5   | 14945 ||| SWAPPING to +1 broad axe of freezing.
 14977 | Lair:5   | 14977 ||| INVOKING Heroism.
 15009 | Lair:5   | 15009 ||| Stepping ~*~*~tactically~*~*~ (stealth).
 15035 | Lair:5   | 15035 ||| INVOKING Heroism.
 15105 | Lair:5   | 15105 ||| Stepping ~*~*~tactically~*~*~ (stealth).
 15116 | Lair:5   | 15116 ||| INVOKING Heroism.
 15119 | Lair:5   | 15119 ||| Stepping ~*~*~tactically~*~*~ (stealth).
 15178 | Lair:5   | 15178 ||| INVOKING Heroism.
 15179 | Lair:5   | 15179 ||| INVOKING Finesse.
 15180 | Lair:5   | 15180 ||| SWAPPING to +0 flail.
 15189 | Lair:5   | 15189 ||| SWAPPING to +1 broad axe of freezing.
 15194 | Lair:5   | Reached skill level 14 in Axes
 15297 | Lair:5   | 15297 ||| Stepping ~*~*~tactically~*~*~ (stealth).
 15300 | Lair:5   | 15300 ||| INVOKING Heroism.
 15306 | Lair:5   | Received a gift from Okawaru
 15354 | Lair:5   | Found a runed translucent door.
 15367 | Lair:5   | 15367 ||| INVOKING Heroism.
 15368 | Lair:5   | Noticed an ice dragon
 15393 | Lair:5   | 15393 ||| Stepping ~*~*~tactically~*~*~ (stealth).
 15412 | Lair:5   | 15412 ||| Stepping ~*~*~tactically~*~*~ (stealth).
 15413 | Lair:5   | 15413 ||| Stepping ~*~*~tactically~*~*~ (stealth).
 15427 | Lair:5   | 15427 ||| INVOKING Heroism.
 15445 | Lair:5   | Identified the +3 hat of the Thistle {Str+4 Dex+4} (Okawaru
                  | gifted it to you on level 5 of the Lair of Beasts)
 15445 | Lair:5   | Received a gift from Okawaru
 15454 | Lair:5   | Gained mutation: Your large and strong wings let you fly.
                  | [Gargoyle growth]
 15454 | Lair:5   | Reached XP level 14. HP: 56/90 MP: 21/21
 15619 | Lair:5   | 15619 ||| Stepping ~*~*~tactically~*~*~ (stealth).
 15632 | Lair:5   | 15632 ||| Stepping ~*~*~tactically~*~*~ (stealth).
 15643 | Lair:5   | Paralysed by a floating eye for 4 turns
 15649 | Lair:5   | Reached skill level 3 in Throwing
 15660 | Lair:5   | 15660 ||| Stepping ~*~*~tactically~*~*~ (stealth).
 15662 | Lair:5   | Found a staircase to the Slime Pits.
 15663 | Lair:5   | 15663 ||| Stepping ~*~*~tactically~*~*~ (hiding).
 15667 | Lair:5   | 15667 ||| INVOKING Heroism.
 15831 | Lair:5   | 15831 ||| Stepping ~*~*~tactically~*~*~ (stealth).
 15921 | Lair:5   | 15921 ||| FLEEEEING.
 15922 | Lair:5   | 15922 ||| FLEEEEING.
 15923 | Lair:5   | 15923 ||| FLEEEEING.
 15969 | Lair:5   | 15969 ||| INVOKING Heroism.
 15988 | Lair:5   | Reached skill level 12 in Shields
 15999 | Lair:5   | 15999 ||| Stepping ~*~*~tactically~*~*~ (stealth).
 16000 | Lair:5   | 16000 ||| Stepping ~*~*~tactically~*~*~ (stealth).
 16001 | Lair:5   | 16001 ||| Stepping ~*~*~tactically~*~*~ (stealth).
 16014 | Lair:5   | 16014 ||| INVOKING Heroism.
 16052 | Lair:5   | 16052 ||| INVOKING Finesse.
 16081 | Lair:5   | 16081 ||| INVOKING Heroism.
 16139 | Lair:5   | 16139 ||| Stepping ~*~*~tactically~*~*~ (hiding).
 16151 | Lair:5   | 16151 ||| Stepping ~*~*~tactically~*~*~ (stealth).
 16158 | Lair:5   | 16158 ||| FLEEEEING.
 16159 | Lair:5   | 16159 ||| FLEEEEING.
 16160 | Lair:5   | 16160 ||| Stepping ~*~*~tactically~*~*~ (stealth).
 16163 | Lair:5   | 16163 ||| INVOKING Heroism.
 16182 | Lair:5   | 16182 ||| Stepping ~*~*~tactically~*~*~ (stealth).
 16184 | Lair:5   | 16184 ||| Stepping ~*~*~tactically~*~*~ (hiding).
 16322 | Lair:5   | 16322 ||| Stepping ~*~*~tactically~*~*~ (hiding).
 16325 | Lair:5   | 16325 ||| INVOKING Heroism.
 16342 | Lair:5   | 16342 ||| Stepping ~*~*~tactically~*~*~ (hiding).
 16347 | Lair:5   | 16347 ||| Stepping ~*~*~tactically~*~*~ (hiding).
 16362 | Lair:5   | 16362 ||| Stepping ~*~*~tactically~*~*~ (stealth).
 16400 | Lair:5   | 16400 ||| INVOKING Heroism.
 16538 | Lair:5   | 16538 ||| Stepping ~*~*~tactically~*~*~ (stealth).
 16640 | Lair:5   | 16640 ||| PLANNING D:1-11
 16640 | Lair:5   | 16640 ||| UPGRADING to +3 hat of the Thistle {Str+4 Dex+4}.
 16650 | Lair:5   | 16650 ||| DROPPING +2 helmet.
 16651 | Lair:5   | 16651 ||| UPGRADING to +0 plate armour.
 16661 | Lair:5   | 16661 ||| DROPPING +0 chain mail.
 16662 | Lair:5   | 16662 ||| READING scroll of enchant armour.
 16662 | Lair:5   | 16662 ||| ENCHANTING +0 plate armour.
 16663 | Lair:5   | 16663 ||| READING scroll labelled JICETOZITE.
 16883 | D:10     | Entered Level 10 of the Dungeon
 17033 | D:10     | 17033 ||| Stepping ~*~*~tactically~*~*~ (stealth).
 17040 | D:10     | 17040 ||| INVOKING Heroism.
 17112 | D:10     | 17112 ||| Stepping ~*~*~tactically~*~*~ (stealth).
 17160 | D:10     | 17160 ||| Stepping ~*~*~tactically~*~*~ (stealth).
 17221 | D:10     | 17221 ||| INVOKING Heroism.
 17234 | D:10     | 17234 ||| Stepping ~*~*~tactically~*~*~ (stealth).
 17252 | D:10     | Found a staircase to the Orcish Mines.
 17254 | D:10     | 17254 ||| Stepping ~*~*~tactically~*~*~ (hiding).
 17261 | D:10     | 17261 ||| Stepping ~*~*~tactically~*~*~ (stealth).
 17296 | D:10     | 17296 ||| Stepping ~*~*~tactically~*~*~ (stealth).
 17301 | D:10     | 17301 ||| Stepping ~*~*~tactically~*~*~ (stealth).
 17318 | D:10     | 17318 ||| INVOKING Heroism.
 17321 | D:10     | 17321 ||| Stepping ~*~*~tactically~*~*~ (hiding).
 17322 | D:10     | 17322 ||| Stepping ~*~*~tactically~*~*~ (hiding).
 17323 | D:10     | 17323 ||| Stepping ~*~*~tactically~*~*~ (hiding).
 17324 | D:10     | 17324 ||| Stepping ~*~*~tactically~*~*~ (hiding).
 17328 | D:10     | 17328 ||| Stepping ~*~*~tactically~*~*~ (hiding).
 17387 | D:10     | Found a stormy altar of Qazlal.
 17486 | D:10     | Found a runed translucent door.
 17486 | D:10     | Noticed Arctirus's ghost (journeyman OpHW)
 17509 | D:10     | 17509 ||| INVOKING Heroism.
 17844 | D:10     | 17844 ||| UPGRADING to +0 pair of gloves.
 17849 | D:10     | 17849 ||| READING 8 scrolls of identify.
 17849 | D:10     | 17849 ||| IDENTIFYING viscous coppery potion
 17850 | D:10     | 17850 ||| DROPPING potion of invisibility.
 17908 | D:11     | 17908 ||| Stepping ~*~*~tactically~*~*~ (stealth).
 17928 | D:11     | 17928 ||| INVOKING Heroism.
 17942 | D:11     | 17942 ||| Stepping ~*~*~tactically~*~*~ (stealth).
 18333 | D:11     | 18333 ||| INVOKING Heroism.
 18337 | D:11     | 18337 ||| DRINKING 2 potions of cancellation.
 18413 | D:11     | 18413 ||| INVOKING Heroism.
 18441 | D:11     | 18441 ||| READING scroll of enchant weapon.
 18441 | D:11     | 18441 ||| ENCHANTING +1 broad axe of freezing.
 18477 | D:11     | Found a blossoming altar of Fedhas.
 18501 | D:11     | 18501 ||| INVOKING Heroism.
 18502 | D:11     | 18502 ||| INVOKING Finesse.
 18614 | D:11     | Reached skill level 9 in Armour
 18737 | D:11     | 18737 ||| PLANNING D
 18737 | D:11     | 18737 ||| INVOKING Heroism.
 18738 | D:11     | 18738 ||| INVOKING Finesse.
 18778 | D:11     | 18778 ||| UPGRADING to +4 ring of evasion.
 18873 | D:12     | 18873 ||| Stepping ~*~*~tactically~*~*~ (stealth).
 18874 | D:12     | 18874 ||| Stepping ~*~*~tactically~*~*~ (stealth).
 18875 | D:12     | 18875 ||| INVOKING Heroism.
 18914 | D:12     | Noticed Rupert
 18915 | D:12     | 18915 ||| INVOKING Finesse.
 18916 | D:12     | 18916 ||| INVOKING Finesse.
 18920 | D:12     | 18920 ||| DRINKING 10 potions of curing.
 18920 | D:12     | 18920 ||| (to cure confusion)
 18939 | D:12     | 18939 ||| INVOKING Heroism.
 18941 | D:12     | Killed Rupert
 19012 | D:12     | 19012 ||| Stepping ~*~*~tactically~*~*~ (stealth).
 19138 | D:12     | Noticed Sonja
 19144 | D:12     | 19144 ||| INVOKING Finesse.
 19148 | D:12     | Killed Sonja
 19493 | D:12     | 19493 ||| Stepping ~*~*~tactically~*~*~ (hiding).
 19495 | D:12     | 19495 ||| Stepping ~*~*~tactically~*~*~ (hiding).
 19497 | D:12     | 19497 ||| Stepping ~*~*~tactically~*~*~ (hiding).
 19540 | D:12     | 19540 ||| INVOKING Heroism.
 19548 | D:12     | Reached skill level 15 in Axes
 19548 | D:12     | 19548 ||| INVOKING Finesse.
 19577 | D:12     | 19577 ||| FLEEEEING.
 19578 | D:12     | 19578 ||| FLEEEEING.
 19579 | D:12     | 19579 ||| FLEEEEING.
 19580 | D:12     | 19580 ||| FLEEEEING.
 19581 | D:12     | 19581 ||| FLEEEEING.
 19582 | D:12     | 19582 ||| FLEEEEING.
 19589 | D:12     | 19589 ||| Stepping ~*~*~tactically~*~*~ (hiding).
 19590 | D:12     | 19590 ||| Stepping ~*~*~tactically~*~*~ (hiding).
 19594 | D:12     | 19594 ||| INVOKING Heroism.
 19660 | D:12     | 19660 ||| INVOKING Heroism.
 19661 | D:12     | 19661 ||| INVOKING Finesse.
 19662 | D:12     | 19662 ||| INVOKING Finesse.
 19674 | D:12     | Reached XP level 15. HP: 82/95 MP: 15/22
 19690 | D:12     | Reached skill level 12 in Fighting
 19722 | D:12     | 19722 ||| DROPPING +0 flail.
 19767 | D:12     | Noticed a sphinx
 19773 | D:12     | Killed a sphinx
 19800 | D:12     | 19800 ||| UPGRADING to +4 ring of slaying {mikee}.
 19802 | D:12     | 19802 ||| DROPPING +6 ring of dexterity.
 19897 | D:13     | Received a gift from Okawaru
 19960 | D:13     | 19960 ||| Stepping ~*~*~tactically~*~*~ (stealth).
 19962 | D:13     | 19962 ||| INVOKING Heroism.
 19980 | D:13     | 19980 ||| Stepping randomly (disturbance).
 19981 | D:13     | 19981 ||| Stepping randomly (disturbance).
 19996 | D:13     | 19996 ||| Stepping ~*~*~tactically~*~*~ (stealth).
 20053 | D:13     | 20053 ||| Stepping ~*~*~tactically~*~*~ (hiding).
 20179 | D:13     | 20179 ||| FLEEEEING.
 20180 | D:13     | 20180 ||| FLEEEEING.
 20183 | D:13     | 20183 ||| INVOKING Heroism.
 20234 | D:13     | 20234 ||| FLEEEEING.
 20235 | D:13     | 20235 ||| FLEEEEING.
 20266 | D:13     | Received a gift from Okawaru
 20309 | D:13     | 20309 ||| Stepping ~*~*~tactically~*~*~ (hiding).
 20467 | D:13     | 20467 ||| INVOKING Heroism.
 20470 | D:13     | Received a gift from Okawaru
 20482 | D:13     | Reached skill level 16 in Axes
 20492 | D:13     | 20492 ||| DRINKING 9 potions of curing.
 20492 | D:13     | 20492 ||| (to cure confusion)
 20492 | D:13     | HP: 24/96 [deep elf zephyrmancer/bolt of lightning (7)]
 20493 | D:13     | 20493 ||| READING 2 scrolls of teleportation.
 20494 | D:13     | 20494 ||| DRINKING 3 potions of heal wounds.
 20495 | D:13     | 20495 ||| DRINKING 8 potions of curing.
 20495 | D:13     | 20495 ||| (to cure confusion)
 20574 | D:13     | 20574 ||| Stepping ~*~*~tactically~*~*~ (stealth).
 20584 | D:13     | 20584 ||| Stepping ~*~*~tactically~*~*~ (stealth).
 20606 | D:13     | 20606 ||| Invisible monster not found???
 20632 | D:13     | 20632 ||| Stepping ~*~*~tactically~*~*~ (hiding).
 20633 | D:13     | 20633 ||| Stepping ~*~*~tactically~*~*~ (hiding).
 20634 | D:13     | 20634 ||| Stepping ~*~*~tactically~*~*~ (hiding).
 20654 | D:13     | 20654 ||| Stepping ~*~*~tactically~*~*~ (stealth).
 20655 | D:13     | 20655 ||| Stepping ~*~*~tactically~*~*~ (stealth).
 20657 | D:13     | Identified the amulet "Kokedoam" {Faith rPois Str+3 Stlth+}
 20669 | D:13     | 20669 ||| FLEEEEING.
 20673 | D:13     | 20673 ||| Stepping ~*~*~tactically~*~*~ (hiding).
 20692 | D:13     | 20692 ||| FLEEEEING.
 20722 | D:13     | 20722 ||| Stepping ~*~*~tactically~*~*~ (hiding).
 20731 | D:13     | Received a gift from Okawaru
 20739 | D:13     | 20739 ||| Stepping ~*~*~tactically~*~*~ (stealth).
 20741 | D:13     | 20741 ||| Stepping ~*~*~tactically~*~*~ (stealth).
 20774 | D:13     | 20774 ||| Stepping ~*~*~tactically~*~*~ (hiding).
 21079 | D:13     | 21079 ||| READING 10 scrolls of identify.
 21079 | D:13     | 21079 ||| IDENTIFYING blue potion
 21080 | D:13     | 21080 ||| READING 9 scrolls of identify.
 21080 | D:13     | 21080 ||| IDENTIFYING purple potion
 21081 | D:13     | 21081 ||| READING 8 scrolls of identify.
 21081 | D:13     | 21081 ||| IDENTIFYING coppery potion
 21082 | D:13     | 21082 ||| DROPPING potion of berserk rage.
 21127 | D:14     | 21127 ||| Stepping ~*~*~tactically~*~*~ (hiding).
 21128 | D:14     | 21128 ||| Stepping ~*~*~tactically~*~*~ (hiding).
 21135 | D:14     | 21135 ||| INVOKING Heroism.
 21178 | D:14     | 21178 ||| INVOKING Heroism.
 21273 | D:14     | 21273 ||| INVOKING Heroism.
 21295 | D:14     | 21295 ||| Stepping ~*~*~tactically~*~*~ (hiding).
 21296 | D:14     | 21296 ||| Stepping ~*~*~tactically~*~*~ (hiding).
 21324 | D:14     | 21324 ||| Stepping ~*~*~tactically~*~*~ (hiding).
 21332 | D:14     | 21332 ||| INVOKING Heroism.
 21378 | D:14     | Found a gate to the Vaults.
 21379 | D:14     | 21379 ||| INVOKING Heroism.
 21389 | D:14     | Reached ****** piety under Okawaru
 21485 | D:14     | 21485 ||| INVOKING Heroism.
 21545 | D:14     | 21545 ||| READING scroll of teleportation.
 21898 | D:14     | 21898 ||| Stepping ~*~*~tactically~*~*~ (stealth).
 21907 | D:14     | 21907 ||| Stepping randomly (stuck).
 21908 | D:14     | 21908 ||| Stepping randomly (stuck).
 21909 | D:14     | 21909 ||| Stepping randomly (stuck).
 21911 | D:14     | 21911 ||| Stepping randomly (stuck).
 21912 | D:14     | 21912 ||| Stepping randomly (stuck).
 21913 | D:14     | 21913 ||| Stepping randomly (stuck).
 21914 | D:14     | 21914 ||| Stepping randomly (stuck).
 21915 | D:14     | 21915 ||| Stepping randomly (stuck).
 21916 | D:14     | 21916 ||| Stepping randomly (stuck).
 21917 | D:14     | 21917 ||| Stepping randomly (stuck).
 21919 | D:14     | 21919 ||| Stepping randomly (stuck).
 21921 | D:14     | 21921 ||| Stepping randomly (stuck).
 21922 | D:14     | 21922 ||| Stepping randomly (stuck).
 21924 | D:14     | 21924 ||| Stepping randomly (stuck).
 21961 | D:14     | 21961 ||| Stepping randomly (stuck).
 21962 | D:14     | 21962 ||| Stepping randomly (stuck).
 21963 | D:14     | 21963 ||| Stepping randomly (stuck).
 21964 | D:14     | 21964 ||| Stepping randomly (stuck).
 21965 | D:14     | 21965 ||| Stepping randomly (stuck).
 21966 | D:14     | 21966 ||| Stepping randomly (stuck).
 21967 | D:14     | 21967 ||| Stepping randomly (stuck).
 21968 | D:14     | 21968 ||| Stepping randomly (stuck).
 21969 | D:14     | 21969 ||| Stepping randomly (stuck).
 21970 | D:14     | 21970 ||| Stepping randomly (stuck).
 21971 | D:14     | 21971 ||| Stepping randomly (stuck).
 21972 | D:14     | 21972 ||| Stepping randomly (stuck).
 21974 | D:14     | 21974 ||| Stepping randomly (stuck).
 21975 | D:14     | 21975 ||| Stepping randomly (stuck).
 21976 | D:14     | 21976 ||| Stepping randomly (stuck).
 21977 | D:14     | 21977 ||| Stepping randomly (stuck).
 21978 | D:14     | 21978 ||| Stepping randomly (stuck).
 21979 | D:14     | 21979 ||| Stepping randomly (stuck).
 21982 | D:14     | 21982 ||| Stepping randomly (stuck).
 21983 | D:14     | 21983 ||| Stepping randomly (stuck).
 21986 | D:14     | 21986 ||| Stepping randomly (stuck).
 21987 | D:14     | 21987 ||| Stepping randomly (stuck).
 22011 | D:14     | 22011 ||| Stepping randomly (stuck).
 22012 | D:14     | 22012 ||| Stepping randomly (stuck).
 22014 | D:14     | 22014 ||| Stepping randomly (stuck).
 22016 | D:14     | 22016 ||| Stepping randomly (stuck).
 22017 | D:14     | 22017 ||| Stepping randomly (stuck).
 22018 | D:14     | 22018 ||| Stepping randomly (stuck).
 22097 | D:15     | Entered Level 15 of the Dungeon
 22154 | D:15     | 22154 ||| FLEEEEING.
 22155 | D:15     | 22155 ||| FLEEEEING.
 22156 | D:15     | 22156 ||| INVOKING Heroism.
 22163 | D:15     | HP: 3/96 [boulder beetle (27)]
 22164 | D:15     | 22164 ||| DRINKING 2 potions of heal wounds.
 22169 | D:15     | HP: 19/96 [centaur warrior/arrow (9)]
 22170 | D:15     | 22170 ||| DRINKING potion of heal wounds.
 22232 | D:15     | Found a runed translucent door.
 22235 | D:15     | Noticed qw's ghost (journeyman GrFi)
 22284 | D:15     | 22284 ||| Stepping ~*~*~tactically~*~*~ (hiding).
 22395 | D:15     | 22395 ||| Stepping ~*~*~tactically~*~*~ (hiding).
 22398 | D:15     | 22398 ||| INVOKING Heroism.
 22401 | D:15     | Reached XP level 16. HP: 99/101 MP: 20/23
 22458 | D:15     | 22458 ||| INVOKING Heroism.
 22459 | D:15     | 22459 ||| SWAPPING to +1 flail of protection.
 22460 | D:15     | 22460 ||| INVOKING Finesse.
 22461 | D:15     | 22461 ||| Stepping ~*~*~tactically~*~*~ (outnumbered).
 22470 | D:15     | 22470 ||| SWAPPING to +2 broad axe of freezing.
 22492 | D:15     | Identified the +12 executioner's axe of Heresy {flame,
                  | MP+9} (Okawaru gifted it to you on level 15 of the Dungeon)
 22492 | D:15     | Received a gift from Okawaru
 22579 | D:15     | 22579 ||| Stepping ~*~*~tactically~*~*~ (hiding).
 22580 | D:15     | 22580 ||| Stepping ~*~*~tactically~*~*~ (hiding).
 22583 | D:15     | 22583 ||| INVOKING Heroism.
 22587 | D:15     | Reached skill level 17 in Axes
 22663 | Abyss:3  | Cast into level 3 of the Abyss (a wizard)
 22684 | D:15     | Escaped the Abyss
 22687 | D:15     | 22687 ||| Stepping ~*~*~tactically~*~*~ (hiding).
 22690 | D:15     | 22690 ||| Stepping ~*~*~tactically~*~*~ (hiding).
 22694 | D:15     | 22694 ||| Stepping ~*~*~tactically~*~*~ (hiding).
 22730 | D:15     | 22730 ||| INVOKING Heroism.
 22747 | D:15     | Found a staircase to the Depths.
 22771 | D:15     | 22771 ||| Stepping ~*~*~tactically~*~*~ (stealth).
 22773 | D:15     | 22773 ||| Stepping ~*~*~tactically~*~*~ (stealth).
 22780 | D:15     | 22780 ||| INVOKING Heroism.
 23124 | D:15     | 23124 ||| PLANNING ORC
 23261 | Orc:1    | Entered Level 1 of the Orcish Mines
 23262 | Orc:1    | 23262 ||| INVOKING Heroism.
 23361 | Orc:1    | Noticed Jorgrun
 23362 | Orc:1    | 23362 ||| INVOKING Heroism.
 23363 | Orc:1    | 23363 ||| INVOKING Finesse.
 23364 | Orc:1    | 23364 ||| Stepping ~*~*~tactically~*~*~ (hiding).
 23377 | Orc:1    | Killed Jorgrun
 23377 | Orc:1    | Received a gift from Okawaru
 23417 | Orc:1    | 23417 ||| INVOKING Heroism.
 23496 | Orc:1    | Noticed Josephine
 23497 | Orc:1    | 23497 ||| Stepping ~*~*~tactically~*~*~ (stealth).
 23499 | Orc:1    | 23499 ||| INVOKING Heroism.
 23505 | Orc:1    | 23505 ||| INVOKING Finesse.
 23510 | Orc:1    | Killed Josephine
 23527 | Orc:1    | Reached skill level 12 in Armour
 23583 | Orc:1    | Found Bodd's Overcharged Wands.
 23587 | Orc:1    | Received a gift from Okawaru
 23642 | Orc:1    | 23642 ||| BUYING wand of digging (11) (693 gold).
 23642 | Orc:1    | Bought a wand of digging (11) for 693 gold pieces
 23642 | Orc:1    | 23642 ||| BUYING wand of digging (11) (693 gold).
 23642 | Orc:1    | Bought a wand of digging (11) for 693 gold pieces
 23840 | Orc:1    | 23840 ||| DROPPING +0 fire dragon scales.
 23841 | Orc:1    | 23841 ||| UPGRADING to +2 plate armour of fire resistance.
 23851 | Orc:1    | 23851 ||| DROPPING +1 plate armour.
 23873 | Orc:2    | Entered Level 2 of the Orcish Mines
 23874 | Orc:2    | 23874 ||| INVOKING Heroism.
 23875 | Orc:2    | 23875 ||| STAIRDANCE
 23881 | Orc:1    | Reached skill level 6 in Throwing
 23890 | Orc:2    | 23890 ||| STAIRDANCE
 23968 | Orc:2    | 23968 ||| Stepping ~*~*~tactically~*~*~ (stealth).
 23991 | Orc:2    | 23991 ||| Stepping ~*~*~tactically~*~*~ (stealth).
 24011 | Orc:2    | 24011 ||| DROPPING +1 flail of protection.
 24021 | Orc:2    | 24021 ||| Stepping ~*~*~tactically~*~*~ (hiding).
 24022 | Orc:2    | 24022 ||| Stepping ~*~*~tactically~*~*~ (hiding).
 24086 | Orc:2    | 24086 ||| Stepping ~*~*~tactically~*~*~ (stealth).
 24093 | Orc:2    | 24093 ||| Stepping ~*~*~tactically~*~*~ (stealth).
 24096 | Orc:2    | 24096 ||| Stepping ~*~*~tactically~*~*~ (stealth).
 24115 | Orc:2    | 24115 ||| Stepping ~*~*~tactically~*~*~ (hiding).
 24117 | Orc:2    | 24117 ||| INVOKING Heroism.
 24201 | Orc:2    | 24201 ||| INVOKING Heroism.
 24242 | Orc:2    | 24242 ||| Stepping ~*~*~tactically~*~*~ (stealth).
 24243 | Orc:2    | 24243 ||| Stepping ~*~*~tactically~*~*~ (stealth).
 24246 | Orc:2    | 24246 ||| Stepping ~*~*~tactically~*~*~ (stealth).
 24247 | Orc:2    | 24247 ||| Stepping ~*~*~tactically~*~*~ (stealth).
 24252 | Orc:2    | 24252 ||| INVOKING Heroism.
 24266 | Orc:2    | Found Plog's Magic Scroll Boutique.
 24271 | Orc:2    | 24271 ||| BUYING scroll of enchant armour (120 gold).
 24271 | Orc:2    | Bought a scroll of enchant armour for 120 gold pieces
 24271 | Orc:2    | 24271 ||| BUYING scroll of enchant weapon (120 gold).
 24271 | Orc:2    | Bought a scroll of enchant weapon for 120 gold pieces
 24271 | Orc:2    | 24271 ||| BUYING scroll of teleportation (48 gold).
 24271 | Orc:2    | Bought a scroll of teleportation for 48 gold pieces
 24271 | Orc:2    | 24271 ||| READING scroll of enchant armour.
 24271 | Orc:2    | 24271 ||| ENCHANTING +2 plate armour of fire resistance.
 24272 | Orc:2    | 24272 ||| READING scroll of enchant weapon.
 24272 | Orc:2    | 24272 ||| ENCHANTING +2 broad axe of freezing.
 24279 | Orc:2    | Found Imonlo's Magic Scroll Shop.
 24290 | Orc:2    | 24290 ||| BUYING scroll of teleportation (39 gold).
 24290 | Orc:2    | Bought a scroll of teleportation for 39 gold pieces
 24400 | Orc:2    | Received a gift from Okawaru
 24559 | Orc:2    | 24559 ||| INVOKING Heroism.
 24592 | Orc:2    | 24592 ||| Stepping ~*~*~tactically~*~*~ (hiding).
 24613 | Orc:2    | Received a gift from Okawaru
 24737 | Orc:2    | 24737 ||| INVOKING Heroism.
 24789 | Orc:2    | 24789 ||| INVOKING Heroism.
 24819 | Orc:2    | 24819 ||| DROPPING +1 antimagic war axe.
 24853 | Orc:2    | 24853 ||| Stepping ~*~*~tactically~*~*~ (stealth).
 24898 | Orc:2    | Found a staircase to the Elven Halls.
 24899 | Orc:2    | 24899 ||| INVOKING Heroism.
 24955 | Orc:2    | 24955 ||| Stepping ~*~*~tactically~*~*~ (hiding).
 24958 | Orc:2    | 24958 ||| Stepping ~*~*~tactically~*~*~ (hiding).
 24959 | Orc:2    | 24959 ||| Stepping ~*~*~tactically~*~*~ (hiding).
 24960 | Orc:2    | 24960 ||| Stepping ~*~*~tactically~*~*~ (hiding).
 24961 | Orc:2    | 24961 ||| Stepping ~*~*~tactically~*~*~ (hiding).
 25077 | Orc:2    | 25077 ||| Stepping ~*~*~tactically~*~*~ (hiding).
 25078 | Orc:2    | 25078 ||| Stepping ~*~*~tactically~*~*~ (hiding).
 25079 | Orc:2    | 25079 ||| Stepping ~*~*~tactically~*~*~ (stealth).
 25097 | Orc:2    | 25097 ||| INVOKING Heroism.
 25098 | Orc:2    | Found Fenoipn's Jewellery Shoppe.
 25133 | Orc:2    | 25133 ||| BUYING ring of fire (425 gold).
 25133 | Orc:2    | Bought a ring of fire for 425 gold pieces
 25133 | Orc:2    | 25133 ||| BUYING ring of ice (425 gold).
 25133 | Orc:2    | Bought a ring of ice for 425 gold pieces
 25145 | Orc:2    | 25145 ||| Stepping ~*~*~tactically~*~*~ (stealth).
 25147 | Orc:2    | 25147 ||| Stepping ~*~*~tactically~*~*~ (stealth).
 25153 | Orc:2    | 25153 ||| Stepping ~*~*~tactically~*~*~ (stealth).
 25172 | Orc:2    | 25172 ||| INVOKING Heroism.
 25173 | Orc:2    | 25173 ||| INVOKING Finesse.
 25189 | Orc:2    | Reached skill level 18 in Axes
 25223 | Orc:2    | 25223 ||| Stepping ~*~*~tactically~*~*~ (hiding).
 25226 | Orc:2    | 25226 ||| Stepping ~*~*~tactically~*~*~ (hiding).
 25227 | Orc:2    | 25227 ||| Stepping ~*~*~tactically~*~*~ (hiding).
 25339 | Orc:2    | 25339 ||| Stepping ~*~*~tactically~*~*~ (stealth).
 25341 | Orc:2    | 25341 ||| Stepping ~*~*~tactically~*~*~ (hiding).
 25354 | Orc:2    | 25354 ||| Stepping ~*~*~tactically~*~*~ (hiding).
 25357 | Orc:2    | 25357 ||| Stepping ~*~*~tactically~*~*~ (hiding).
 25358 | Orc:2    | 25358 ||| Stepping ~*~*~tactically~*~*~ (hiding).
 25390 | Orc:2    | 25390 ||| INVOKING Heroism.
 25435 | Orc:2    | 25435 ||| INVOKING Heroism.
 25438 | Orc:2    | Found Meleked's Book Shop.
 25483 | Orc:2    | 25483 ||| Stepping ~*~*~tactically~*~*~ (stealth).
 25485 | Orc:2    | 25485 ||| INVOKING Heroism.
 25641 | Orc:2    | 25641 ||| PLANNING SHOALS:1-3
 25641 | Orc:2    | 25641 ||| DROPPING +1 pair of boots of flying.
 25852 | Shoals:1 | Entered Level 1 of the Shoals
 25854 | Shoals:1 | 25854 ||| INVOKING Heroism.
 25879 | Shoals:1 | Reached XP level 17. HP: 100/109 MP: 24/24
 25960 | Shoals:1 | 25960 ||| Stepping ~*~*~tactically~*~*~ (hiding).
 25961 | Shoals:1 | 25961 ||| Stepping ~*~*~tactically~*~*~ (stealth).
 26084 | Shoals:1 | 26084 ||| INVOKING Heroism.
 26161 | Shoals:1 | 26161 ||| INVOKING Heroism.
 26236 | Shoals:1 | Found a transporter.
 26236 | Shoals:1 | Noticed Lyfunof's ghost (adept DrFE)
 26263 | Shoals:1 | Found a transporter.
 26264 | Shoals:1 | 26264 ||| Stepping ~*~*~tactically~*~*~ (hiding).
 26265 | Shoals:1 | 26265 ||| INVOKING Heroism.
 26266 | Shoals:1 | 26266 ||| INVOKING Finesse.
 26274 | Shoals:1 | 26274 ||| Stepping ~*~*~tactically~*~*~ (hiding).
 26372 | Shoals:1 | 26372 ||| DROPPING +4 war axe.
 26413 | Shoals:1 | 26413 ||| Stepping ~*~*~tactically~*~*~ (hiding).
 26414 | Shoals:1 | 26414 ||| Stepping ~*~*~tactically~*~*~ (hiding).
 26415 | Shoals:1 | 26415 ||| Stepping ~*~*~tactically~*~*~ (hiding).
 26418 | Shoals:1 | 26418 ||| INVOKING Heroism.
 26419 | Shoals:1 | 26419 ||| INVOKING Finesse.
 26922 | Shoals:2 | 26922 ||| Stepping ~*~*~tactically~*~*~ (hiding).
 26928 | Shoals:2 | 26928 ||| INVOKING Heroism.
 26994 | Shoals:2 | 26994 ||| INVOKING Heroism.
 27021 | Shoals:2 | Found Uskopuet's Jewellery Emporium.
 27025 | Shoals:2 | 27025 ||| Stepping ~*~*~tactically~*~*~ (hiding).
 27075 | Shoals:2 | 27075 ||| BUYING amulet of the Open Hand {Faith Harm rCorr
                  | Int-2} (484 gold).
 27075 | Shoals:2 | Bought the amulet of the Open Hand {Faith Harm rCorr Int-2}
                  | for 484 gold pieces
 27075 | Shoals:2 | 27075 ||| SHOPLISTING ring of ice (250 gold, have 58).
 27075 | Shoals:2 | 27075 ||| SHOPLISTING ring of protection from fire (250
                  | gold, have 58).
 27114 | Shoals:2 | 27114 ||| INVOKING Heroism.
 27140 | Shoals:2 | HP: 25/111 [merfolk impaler/+1 trident of venom (16)]
 27141 | Shoals:2 | 27141 ||| READING 3 scrolls of teleportation.
 27142 | Shoals:2 | Slain by a merfolk

Levels and vault maps discovered:
D:1:      dpeg_arrival_prison, layout_basic, dilly_ecumenical_altar_fadedgnrine,
          minmay_tree_intersection
D:2:      layout_basic, serial_shops, nicolae_shop_behind_doors, st_stairs_4,
          minivault_23, minmay_misc_feat_nine_boxes, hex_large
D:3:      layout_loops_corners
D:4:      layout_cave_pools, nicolae_overflow_crystal_walls,
          minmay_misc_feat_enclosed, uniq_duvessa
D:5:      layout_gridville, kennysheep_mini, lemuel_round_altar,
          minmay_temple_entry_mini_moons
D:6:      layout_basic, kennysheep_little_box, grunt_temple_overflow_cloverleaf,
          mainiacjoe_overflow_boulevard, nicolae_shop_clearance, uniq_pikel
D:7:      layout_basic, elyvilon_altar_5, mainiacjoe_overflow_six_doors_small,
          cheibriados_altar_2
D:8:      layout_basic, nicolae_ru_great_annihilating_truth, minitemple,
          chequers_serial_rivers_small_3, chequers_jeans
D:9:      layout_roguey, erik_lair_dragon, gammafunk_ghost_necromancy,
          nicolae_wwwww
D:10:     layout_loops_ring, lemuel_crystal_altar, hiddenorc2_lemuel,
          ebering_ghost_reflecting_pool
D:11:     layout_irregular_city, tgw_fedhas
D:12:     thingy_vault, layout_loops_cross, uniq_sonja, uniq_rupert
D:13:     minmay_elf_outpost, layout_long_grid, grunt_ministairs_10,
          bh_circular_ruins
D:14:     layout_loops_ring, skrybe_vaults_entry_preservation, minivault_19,
          minmay_puff
D:15:     grunt_enter_depths_magical_seal, layout_cave_pools, minivault_11,
          gammafunk_ghost_grave, minmay_shattered_shrine
Temple:   nicolae_temple_stand_before_the_council
Lair:1:   layout_loops_ring, gauntlet_entry_generic, gammafunk_ghost_cemetery,
          amcnicky_mini_pool_medium, serial_bayou_shore_a, lemuel_fruit_fields,
          uniq_harold
Lair:2:   layout_gridlike, shoals_dummy_entry
Lair:3:   layout_misc_corridors, dummy_spider_entry
Lair:4:   layout_gridlike, evilmike_ambush [evilmike_ambush_outer_basic,
          evilmike_ambush_inner_basic], grunt_megastairs_5,
          infiniplex_staircase_pool_2
Lair:5:   hangedman_lair_caniforms_friends, layout_regular_city, wormcave,
          minmay_slime_entry_eyes
Shoals:1: layout_shoals, gammafunk_ghost_berserking_beasts
Shoals:2: layout_shoals, serial_shops, shop, nicolae_shop_behind_doors,
          shop_statue, shop_fountains, nicolae_shop_stone, uniq_donald,
          uniq_polyphemus, uniq_nikola
Orc:1:    layout_caves, nicolae_shop_overcharged_wands, uniq_josephine,
          uniq_jorgrun
Orc:2:    pubby_orc_utopia

Skill      XL: |  1  2  3  4  5  6  7  8  9 10 11 12 13 14 15 16 17 |
---------------+----------------------------------------------------+-----
Axes           | 2 3 4 5 7 8 9 10 11 12 14 15 16 18 | 18.0
Throwing       | 1 2 5 6 7 |  7.2
Fighting       | 4 5 7 8 10 11 12 13 14 | 14.0
Dodging        | 1 3 4 |  4.4
Invocations    | 4 6 9 10 | 10.0
Shields        | 6 9 10 11 12 13 14 | 14.0
Armour         | 4 5 6 7 8 10 11 12 | 12.2

Action                   |  1- 3 |  4- 6 |  7- 9 | 10-12 | 13-15 | 16-18 || total
-------------------------+-------+-------+-------+-------+-------+-------++-------
Melee: War axe           |   101 |   146 |   259 |   325 |       |       ||   831
       Broad axe         |       |       |       |   221 |   889 |   611 ||  1721
       Flail             |       |       |       |     5 |    65 |     8 ||    78
Throw: Javelin           |     9 |    23 |     3 |       |    39 |    18 ||    92
       Boomerang         |       |       |    16 |   104 |   120 |    70 ||   310
Invok: Heroism           |       |       |    14 |    32 |    46 |    29 ||   121
       Finesse           |       |       |       |     2 |    14 |     6 ||    22
  Use: Scroll            |     3 |     6 |     9 |    10 |    11 |     3 ||    42
       Potion            |     2 |     3 |     2 |     2 |     8 |       ||    17
 Stab: Confused          |       |       |       |     3 |       |       ||     3
       Paralysed         |       |       |       |     1 |       |       ||     1
Armor: Scale mail        |    51 |    63 |    82 |       |       |       ||   196
       Chain mail        |       |       |    30 |   243 |   295 |       ||   568
       Skin              |       |       |     1 |       |     2 |       ||     3
       Plate armour      |       |       |       |       |   279 |   205 ||   484
Dodge: Dodged            |    38 |    74 |   123 |   132 |   408 |   178 ||   953
Block: Buckler           |    19 |    28 |    44 |       |       |       ||    91
       Kite shield       |       |       |    29 |   259 |   650 |   284 ||  1222

Table legend:
 A = Non-vault XP
 B = Vault XP
 C = Vault XP percentage of total XP
 D = Non-vault monster count
 E = Vault monster count
 F = Vault count percentage of total count
                 A         B        C        D         E       F
            +---------+---------+-------+---------+---------+-------
      Total |  118112 |   83998 |  41.6 |     543 |     350 |  39.2
            +---------+---------+-------+---------+---------+-------
        D:1 |      33 |       8 |  19.5 |      20 |       6 |  23.1
        D:2 |      52 |       3 |   5.5 |      23 |       2 |   8.0
        D:3 |     179 |       0 |   0.0 |      31 |       0 |   0.0
        D:4 |      79 |     218 |  73.4 |      12 |       2 |  14.3
        D:5 |     492 |       0 |   0.0 |      13 |       0 |   0.0
        D:6 |     824 |     685 |  45.4 |      22 |       1 |   4.3
        D:7 |    1652 |       0 |   0.0 |      26 |       0 |   0.0
        D:8 |     919 |      41 |   4.3 |      19 |       4 |  17.4
        D:9 |     791 |    1304 |  62.2 |      16 |       5 |  23.8
       D:10 |    2241 |     303 |  11.9 |      17 |      32 |  65.3
       D:11 |    3829 |       0 |   0.0 |      22 |       0 |   0.0
       D:12 |    6028 |   12759 |  67.9 |      20 |      19 |  48.7
       D:13 |    6692 |   13953 |  67.6 |      15 |      26 |  63.4
       D:14 |    5730 |    7115 |  55.4 |      16 |      12 |  42.9
       D:15 |   14959 |    7359 |  33.0 |      28 |      13 |  31.7
     Lair:1 |    3796 |    1472 |  27.9 |      17 |       3 |  15.0
     Lair:2 |    6785 |       0 |   0.0 |      37 |       0 |   0.0
     Lair:3 |    6289 |       0 |   0.0 |      19 |       0 |   0.0
     Lair:4 |    8279 |    1025 |  11.0 |      32 |       3 |   8.6
     Lair:5 |   13835 |   16926 |  55.0 |      36 |      74 |  67.3
   Shoals:1 |   17806 |       0 |   0.0 |      35 |       0 |   0.0
   Shoals:2 |    7716 |       0 |   0.0 |      14 |       0 |   0.0
      Orc:1 |    9106 |    4132 |  31.2 |      53 |      18 |  25.4
      Orc:2 |       0 |   16695 | 100.0 |       0 |     130 | 100.0
            +---------+---------+-------+---------+---------+-------
